 Dungeon Crawl Stone Soup version 0.26-a0-651-gb41185065b (webtiles) character file.

Game seed: 12487962547923489619

77720 Flugslaktarn the Severer (level 15, -4/138 HPs)
             Began as a Deep Dwarf Fighter on Oct 26, 2020.
             Was the Champion of Makhleb.
             Slain by a wolf spider (5 damage)
             ... on level 4 of the Spider Nest.
             The game lasted 00:11:07 (13050 turns).

Flugslaktarn the Severer (Deep Dwarf Fighter)      Turns: 13050, Time: 00:11:08

Health: -4/138     AC: 18    Str: 22 (24) XL:     15   Next: 16%
Magic:  0/8        EV:  3    Int: 11 (12) God:    Makhleb [******]
Gold:   649        SH:  0    Dex: 12 (13) Spells: 14/14 levels left

rFire    . . .     SeeInvis .   y - +6 broad axe
rCold    + . .     Faith    .   m - +4 tower shield
rNeg     + . .     Spirit   .   p - +1 plate armour of Duty {rElec}
rPois    +         Reflect  +   b - +2 helmet
rElec    +         Harm     .   h - +2 cloak {rPois}
rCorr    .         Rampage  .   i - +0 pair of gloves
MR       ++...                  A - +0 pair of boots "Feomogg" {Int+2}
Stlth    ..........             j - amulet of reflection
HPRegen  0.00/turn              o - ring of poison resistance
MPRegen  0.11/turn              c - ring of protection from cold

@: lethally poisoned (-4 -> -4), marked, corroded, held, non-regenerating,
slowed, very slow
A: damage resistance, heal wounds, negative energy resistance 1, sense
surroundings 2, no regeneration
a: Heal Wounds, Minor Destruction, Lesser Servant of Makhleb, Major Destruction,
Greater Servant of Makhleb, Renounce Religion


You were on level 4 of the Spider Nest.
You worshipped Makhleb.
Makhleb was exalted by your worship.
You visited 4 branches of the dungeon, and saw 23 of its levels.
You also visited: Gauntlet and Ice Cave.

You collected 1608 gold pieces.
You spent 959 gold pieces at shops.

Inventory:

Hand Weapons
 y - a +6 broad axe (weapon)
   (You took it off a death knight on level 14 of the Dungeon)
Missiles
 s - 2 throwing nets (quivered)
Armour
 b - a +2 helmet (worn)
   (You found it on level 9 of the Dungeon)
 h - a +2 cloak of poison resistance (worn)
   (You found it in a Gauntlet)
 i - a +0 pair of gloves (worn)
   (You took it off Nikola on level 3 of the Spider Nest)
 m - a +4 tower shield (worn)
   (You found it on level 7 of the Dungeon)
 p - the +1 plate armour of Duty (worn) {rElec}
   (You bought it in a shop on level 13 of the Dungeon)

   It insulates you from electricity.
 A - the +0 pair of boots "Feomogg" (worn) {Int+2}
   (You found it in a Gauntlet)

   It affects your intelligence (+2).
Jewellery
 c - a ring of protection from cold (right hand)
   (You found it on level 1 of the Lair of Beasts)
 j - an amulet of reflection (around neck)
   (You found it on level 7 of the Dungeon)
 k - an uncursed ring of resist corrosion
   (You took it off a centaur warrior on level 13 of the Dungeon)
 o - a ring of poison resistance (left hand)
   (You bought it in a shop on level 10 of the Dungeon)
Wands
 e - a wand of iceblast (21)
   (You took it off a wight on level 10 of the Dungeon)
 u - a wand of enslavement (14)
   (You found it on level 13 of the Dungeon)
 C - a wand of acid (8)
   (You found it on level 1 of the Lair of Beasts)
Scrolls
 a - a scroll of immolation
 l - 2 scrolls of magic mapping
 r - 12 scrolls of identify
 t - 10 scrolls of teleportation
 v - 2 scrolls of fear
 x - 8 scrolls of remove curse
 z - 5 scrolls of blinking
 F - 2 scrolls of holy word
 G - a scroll of fog
Potions
 d - 2 potions of magic
 f - 2 potions of mutation
 g - 5 potions of ambrosia
 n - a potion of flight
 q - a potion of curing
 w - 4 potions of heal wounds
 B - a potion of berserk rage {unknown}
 D - 2 potions of invisibility {unknown}
 E - a potion of stabbing {unknown}
 H - a potion of haste {unknown}
 I - a potion of lignification


   Skills:
 + Level 9.9 Fighting
 * Level 15.4 Axes
 + Level 11.6 Armour
 * Level 14.3 Shields
 + Level 13.0 Invocations
 + Level 9.9 Evocations


You had 14 spell levels left.
You didn't know any spells.
Your spell library was empty.

Dungeon Overview and Level Annotations

Branches:
Dungeon (15/15)            Temple (1/1) D:5            Lair (3/6) D:10
 Shoals (0/4) Lair:2       Spider (4/4) Lair:3          Orc (0/2) D:11
 Vaults (0/5) D:13         Depths (0/5) D:15          IceCv (visited)
Gauntlet (visited)

Altars:
Ashenzari
Dithmenos
Elyvilon
Fedhas
Gozag
Kikubaaqudgha
Makhleb
Nemelex Xobeh
Okawaru
Ru
Trog
Uskayaw
The Shining One
Beogh

Shops:
D:10 *   D:13 [   D:15 =(}

Portals:
Trove: D:12 (give 2 scrolls of acquirement)

Annotations:
D:5 1 runed translucent door, EnegeticOcto's ghost, weakling DDDe
D:15 exclusion: ice statue, Roxanne
Lair:1 exclusion: oklob plant
Lair:3 exclusion: oklob plant
Spider:4 Arachne


Innate Abilities, Weirdness & Mutations

You are resistant to damage.
You can heal yourself by infusing magical energy.
You resist negative energy. (rN+)
You passively map the area around you.
You do not regenerate.


Message History

The jumping spider pounces on you!
* * * LOW HITPOINT WARNING * * *
You are even more entangled.
The jumping spider bites you but does no damage.
The wolf spider hits you.
* * * LOW HITPOINT WARNING * * *
The wolf spider bites you.
The jumping spider pounces on you but does no damage.
The jumping spider bites you but does no damage.
The jumping spider leaps!
You feel you are being watched by something.
Something hits you but does no damage. Something hits you.
Something stings you.
A redback comes into view.
The wolf spider hits you but does no damage.
The wolf spider bites you but does no damage.
The wolf spider hits you!
* * * LOW HITPOINT WARNING * * *
The wolf spider bites you!
You die...

.# , , * , , .# * ,s#^..
, .##, * ,...s. * ..##
*..^.sy ^ * * , ...##
,*,..ws. ^ * ....##
##s{s##* ,* * ,
...^.######.yy{s######..
,
...#.........asyss..§...
, *
......#..s..°ss{@s...^..
,
...........○..ssss......
, ,
...........^.s..s.H.....
*, *
^.............^./.#^....
...............#..##...#
* ..#..^.^.......####
..^# ^†............##
... ..........#..## *
,.. .......#....## *,, *


You could see Arachne, 2 emperor scorpions, an entropy weaver, a torpor snail, 4
wolf spiders, an orb spider, 4 hornets, 5 jumping spiders, 4 tarantellas and 4
redbacks.

Vanquished Creatures
  Nikola (Spider:3)
  An emperor scorpion (Spider:4)
  2 entropy weavers (Spider:4)
  An ettin (D:15)
  A vault guard (D:13)
  2 hydras
  Fannar (Lair:2)
  4 centaur warriors
  A death scarab (Gauntlet)
  3 two-headed ogres
  3 death knights
  A deep elf knight (D:15)
  A fire crab (D:13)
  An unseen horror (D:15)
  A wizard (D:15)
  A deep troll (D:15)
  A glowing orange brain (Gauntlet)
  A spectral hydra (Gauntlet)
  A phantasmal warrior (D:15)
  A deep elf mage (D:15)
  7 ugly things
  A wolf spider zombie (D:15)
  3 orb spiders
  6 wolf spiders
  2 manticores
  3 cyclopes
  6 elephants (Lair:3)
  A merfolk siren (Lair:2)
  2 black mambas (Lair:2)
  3 cane toads
  4 gargoyles
  2 rime drakes (Lair:3)
  6 kobold demonologists
  2 komodo dragons
  A yaktaur (D:15)
  3 demonic crawlers
  3 freezing wraiths (D:15)
  An efreet (D:15)
  3 tengu conjurers
  A guardian mummy (D:12)
  3 meliai (D:14)
  2 hornets
  14 jumping spiders
  3 merfolk (Lair:2)
  5 trolls
  A slime creature (D:12)
  A raiju (Gauntlet)
  3 hippogriffs
  8 yaks
  54 redbacks
  3 wyverns
  A vampire (D:14)
  14 tarantellas
  8 wraiths
  3 shadows
  A basilisk (Lair:2)
  A steam dragon (Gauntlet)
  3 acid dragons
  8 water moccasins
  A porcupine (Lair:2)
  2 ice beasts
  5 sky beasts
  2 phantoms
  3 necrophages
  4 ogres
  8 orc warriors
  9 centaurs
  10 wolves
  5 crocodiles
  3 big kobolds
  14 bullfrogs
  A gnoll sergeant (D:8)
  5 scorpions
  4 wyvern skeletons
  A killer bee (D:9)
  6 wights
  5 howler monkeys
  4 quasits
  8 centaur zombies
  4 centaur skeletons
  4 human zombies (D:8)
  3 bullfrog zombies
  4 hounds
  A jelly (D:8)
  A gnoll shaman (D:7)
  9 orc priests
  17 orc wizards
  A bullfrog skeleton (D:10)
  A human skeleton (D:8)
  An iguana (D:5)
  11 worker ants
  A hound zombie (D:5)
  A hound skeleton (D:9)
  2 mummies (D:8)
  8 adders
  13 gnolls
  A shadow imp (D:7)
  4 white imps
  3 ufetubi
  2 adder skeletons
  An adder zombie (D:8)
  A worm (shapeshifter) (D:13)
  A dart slug (D:1)
  5 leopard geckos
  61 orcs
  2 bats
  8 jackals
  A quokka (D:10)
  A frilled lizard (D:5)
  A goblin (D:1)
  9 kobolds
  An orc skeleton (D:8)
  A quokka skeleton (D:7)
  A quokka zombie (D:9)
  2 rats (D:3)
513 creatures vanquished.

Vanquished Creatures (collateral kills)
  Jorgrun (D:13)
  Agnes (D:15)
  A minotaur (Gauntlet)
  2 hydras
  An unseen horror (D:15)
  A glowing orange brain (Gauntlet)
  2 ugly things
  2 slime creatures (D:12)
  A hippogriff (D:12)
  2 wraiths
  An orc warrior (D:11)
  An orc priest (D:11)
  An orc (D:11)
17 creatures vanquished.

Vanquished Creatures (others)
  Nessos (D:15)
  A cyclops (D:13)
  2 fungi (Lair:3)
  35 plants
39 creatures vanquished.

Grand Total: 569 creatures vanquished

Notes
Turn   | Place    | Note
-------+----------+-------------------------------------------
     0 | D:1      | Flugslaktarn the Deep Dwarf Fighter began the quest for the
                  | Orb.
     0 | D:1      | Reached XP level 1. HP: 20/20 MP: 1/1
   160 | D:3      | Reached XP level 2. HP: 22/27 MP: 2/2
   343 | D:5      | Entered Level 5 of the Dungeon
   343 | D:5      | Found a staircase to the Ecumenical Temple.
   360 | Temple   | Entered the Ecumenical Temple
   474 | Temple   | Became a worshipper of Makhleb the Destroyer
   566 | D:5      | Reached skill level 3 in Axes
   566 | D:5      | Reached XP level 3. HP: 16/34 MP: 3/3
   648 | D:5      | Reached skill level 1 in Invocations
   687 | D:5      | Reached XP level 4. HP: 38/42 MP: 3/3
  1051 | D:5      | Found a runed translucent door.
  1052 | D:5      | Noticed EnegeticOcto's ghost (weakling DDDe)
  1107 | D:6      | Noticed a bullfrog
  1113 | D:6      | Killed a bullfrog
  1113 | D:6      | Reached skill level 4 in Axes
  1113 | D:6      | Reached XP level 5. HP: 35/49 MP: 5/5
  1117 | D:6      | Noticed an orc warrior
  1117 | D:6      | Noticed a centaur
  1123 | D:6      | Noticed an orc warrior
  1129 | D:6      | Killed an orc warrior
  1129 | D:6      | Reached XP level 6. HP: 29/56 MP: 3/5
  1145 | D:6      | Killed an orc warrior
  1145 | D:6      | Reached skill level 5 in Axes
  1147 | D:6      | Noticed an orc warrior
  1155 | D:6      | Reached XP level 7. HP: 50/63 MP: 5/5
  1169 | D:6      | Reached * piety under Makhleb
  1173 | D:6      | Reached skill level 5 in Armour
  1173 | D:6      | Reached skill level 5 in Shields
  1311 | D:6      | Noticed a yak
  1311 | D:6      | Noticed a yak
  1312 | D:6      | Noticed a yak
  1312 | D:6      | Noticed a yak
  1342 | D:6      | Killed a yak
  1342 | D:6      | Reached skill level 6 in Axes
  1352 | D:6      | Killed a yak
  1352 | D:6      | Reached XP level 8. HP: 34/73 MP: 6/6
  1354 | D:6      | Reached skill level 5 in Invocations
  1355 | D:6      | Reached skill level 7 in Axes
  2061 | D:7      | Reached ** piety under Makhleb
  2061 | D:7      | Reached skill level 5 in Fighting
  2210 | D:7      | Gained mutation: You passively map the area around you.
                  | [Deep Dwarf growth]
  2210 | D:7      | Reached XP level 9. HP: 37/81 MP: 7/7
  2268 | D:7      | Reached skill level 8 in Axes
  3632 | D:8      | Reached skill level 9 in Axes
  3646 | D:8      | Found an ancient bone altar of Kikubaaqudgha.
  3675 | D:8      | Reached *** piety under Makhleb
  3861 | D:8      | Reached XP level 10. HP: 89/91 MP: 8/8
  4313 | D:9      | Reached **** piety under Makhleb
  4426 | D:9      | Noticed a gargoyle
  4443 | D:9      | Killed a gargoyle
  4462 | D:9      | Reached skill level 10 in Axes
  4794 | D:9      | Noticed a gargoyle
  4806 | D:9      | Killed a gargoyle
  4900 | D:9      | Found a hide-covered altar of Uskayaw.
  4900 | D:9      | Found an opulent altar of Gozag.
  4901 | D:9      | Found a broken altar of Ashenzari.
  5025 | D:10     | Entered Level 10 of the Dungeon
  5155 | D:10     | Noticed a two-headed ogre
  5168 | D:10     | Killed a two-headed ogre
  5211 | D:10     | Noticed a two-headed ogre
  5224 | D:10     | Killed a two-headed ogre
  5224 | D:10     | Reached XP level 11. HP: 80/99 MP: 10/10
  5296 | D:10     | Found Seaji's Assorted Antiques.
  5326 | D:10     | Bought a glass ring for 175 gold pieces
  5391 | D:10     | Reached skill level 11 in Axes
  5631 | D:10     | Found a staircase to the Lair.
  5862 | D:11     | Reached skill level 1 in Evocations
  5889 | D:11     | Noticed a brown ugly thing
  5932 | D:11     | Killed a brown ugly thing
  5959 | D:11     | Found a staircase to the Orcish Mines.
  5965 | D:11     | Found a roughly hewn altar of Beogh.
  5965 | D:11     | Found a gate leading to a gauntlet.
  5974 | Gauntlet | Entered a Gauntlet
  5974 | Gauntlet | Found a transporter.
  5974 | Gauntlet | Noticed a death scarab
  5980 | Gauntlet | Found a runed translucent door.
  5984 | Gauntlet | Found a transporter.
  5994 | Gauntlet | Found a transporter.
  5998 | Gauntlet | Found a transporter.
  5999 | Gauntlet | Noticed a wizard
  5999 | Gauntlet | Noticed a wizard
  6003 | Gauntlet | Found a transporter.
  6020 | Gauntlet | Found a transporter.
  6023 | Gauntlet | Noticed an orange crystal statue
  6030 | Gauntlet | Found a transporter.
  6031 | Gauntlet | Noticed a glowing orange brain
  6032 | Gauntlet | Noticed a glowing orange brain
  6033 | Gauntlet | Noticed a cyan ugly thing
  6037 | Gauntlet | Found a transporter.
  6037 | Gauntlet | Noticed a purple ugly thing
  6054 | Gauntlet | Noticed a wolf spider
  6056 | Gauntlet | Found a transporter.
  6068 | Gauntlet | Found a runed translucent gate.
  6069 | Gauntlet | Found a runed translucent gate.
  6069 | Gauntlet | Found a transporter.
  6069 | Gauntlet | Found a transporter.
  6071 | Gauntlet | Found a runed translucent gate.
  6112 | Gauntlet | Found a transporter.
  6126 | Gauntlet | Found a transporter.
  6141 | Gauntlet | Found a transporter.
  6252 | Gauntlet | Killed a death scarab
  6402 | Gauntlet | Killed a purple ugly thing
  6402 | Gauntlet | Reached skill level 10 in Shields
  6406 | Gauntlet | Killed a glowing orange brain
  6412 | Gauntlet | Killed a purple ugly thing
  6425 | Gauntlet | Noticed an oklob plant
  6429 | Gauntlet | Got a pair of jewelled boots
  6444 | Gauntlet | Killed a glowing orange brain
  6458 | Gauntlet | Identified the cursed +0 pair of boots "Feomogg" {Int+2}
                  | (You found it in a Gauntlet)
  6466 | Gauntlet | Noticed a minotaur
  6487 | Gauntlet | Killed a minotaur
  6660 | D:11     | Reached skill level 12 in Axes
  6660 | D:11     | Reached XP level 12. HP: 71/110 MP: 9/9
  6845 | D:11     | Reached skill level 10 in Invocations
  7163 | D:12     | Noticed a five-headed hydra
  7174 | D:12     | Killed a seven-headed hydra
  7504 | D:12     | Found a portal to a secret trove of treasure.
  7689 | D:13     | Found Xeugo's Antique Armour Shop.
  7708 | D:13     | Bought a pitted plate armour for 784 gold pieces
  7718 | D:13     | Identified the +1 plate armour of Duty {rElec} (You bought
                  | it in a shop on level 13 of the Dungeon)
  7806 | D:13     | Reached skill level 5 in Evocations
  7858 | D:13     | Noticed a centaur warrior
  7881 | D:13     | Reached ***** piety under Makhleb
  7888 | D:13     | Noticed a vault guard
  7898 | D:13     | Killed a centaur warrior
  7944 | D:13     | Killed a vault guard
  7966 | D:13     | Found a gate to the Vaults.
  8081 | D:13     | Noticed a centaur warrior
  8084 | D:13     | Killed a centaur warrior
  8315 | D:13     | Noticed Jorgrun
  8342 | D:13     | Killed Jorgrun
  8342 | D:13     | Reached skill level 13 in Axes
  8506 | D:14     | Reached XP level 13. HP: 83/118 MP: 7/7
  8529 | D:14     | Reached skill level 10 in Armour
  8559 | D:14     | Found a shadowy altar of Dithmenos.
  8942 | D:14     | Found the +3 robe of Clouds {+Thunder rCloud rElec}
  9096 | D:15     | Entered Level 15 of the Dungeon
  9240 | D:15     | Found Opocoufi's Gadget Shoppe.
  9246 | D:15     | Noticed Agnes
  9270 | D:15     | Killed Agnes
  9317 | D:15     | Identified Roxanne's Tome of Changing
  9317 | D:15     | Noticed Roxanne
  9413 | D:15     | Noticed Nessos
  9419 | D:15     | Noticed an ettin
  9428 | D:15     | Killed Nessos
  9464 | D:15     | Killed an ettin
  9464 | D:15     | Reached skill level 14 in Axes
  9524 | D:15     | Found a staircase to the Depths.
  9602 | D:15     | Found Jarergh's Weapon Emporium.
  9684 | D:15     | Found Fyeskeh's Jewellery Boutique.
  9999 | Lair:1   | Entered Level 1 of the Lair of Beasts
 10133 | Lair:1   | Gained mutation: You resist negative energy. (rN+) [Deep
                  | Dwarf growth]
 10133 | Lair:1   | Reached XP level 14. HP: 110/129 MP: 6/6
 10534 | Lair:2   | Found a staircase to the Shoals.
 10841 | Lair:2   | Noticed Fannar
 10860 | Lair:2   | Killed Fannar
 11284 | Lair:3   | Found a blossoming altar of Fedhas.
 11391 | Lair:3   | Found a frozen archway.
 11404 | IceCv    | Entered an ice cave
 11736 | Lair:3   | Found a hole to the Spider Nest.
 12083 | Spider:1 | Entered Level 1 of the Spider Nest
 12566 | Spider:3 | Noticed Nikola
 12598 | Spider:3 | Killed Nikola
 12598 | Spider:3 | Reached skill level 15 in Axes
 12673 | Spider:4 | Entered Level 4 of the Spider Nest
 12676 | Spider:4 | Noticed an entropy weaver
 12688 | Spider:4 | Reached ****** piety under Makhleb
 12700 | Spider:4 | Killed an entropy weaver
 12754 | Spider:4 | Noticed an entropy weaver
 12770 | Spider:4 | Reached XP level 15. HP: 138/138 MP: 8/8
 13040 | Spider:4 | Noticed Arachne
 13050 | Spider:4 | HP: 1/138 [wolf spider (8)]
 13050 | Spider:4 | Slain by a wolf spider

Illustrated notes

Levels and vault maps discovered:
D:1:      dpeg_arrival_pits, layout_loops_ring, nrook_mini_vaults
D:2:      layout_rooms
D:3:      layout_basic, serial_glass, glass_columns_b, glass_columns_c
D:4:      cheibrodos_helix_gallery, layout_basic, uniq_menkaure
D:5:      layout_basic, minmay_temple_entry_offerings, gammafunk_ghost_grave,
          kennysheep_nondescript
D:6:      layout_layer_cave, corexii_item_surrounded_by_moat,
          hangedman_abyss_or_decor_passed, grunt_decor_arrowhead
D:7:      minmay_polygon_palace, layout_basic, corexii_corridor_pit
D:8:      layout_rooms, lemuel_mausoleum_altar_kikubaaqudgha
D:9:      minmay_the_grid_triangle_9x9_recursive_2_mashed
          [minmay_the_grid_triangle_9x9_prize_schism,
          minmay_the_grid_triangle_9x9_steps,
          minmay_the_grid_triangle_9x9_impossible_snake,
          minmay_the_grid_triangle_9x9_empty], layout_loops_cross,
          gammafunk_temple_overflow_claw
D:10:     layout_loops_ring, david_lair_shrubbed, serial_shops, shop_fountains
D:11:     layout_basic, minmay_orc_entry_temple_small, gauntlet_entry_generic
D:12:     layout_rooms, serial_glass, glass_columns_a, glass_columns_c,
          nicolae_trove_entry_path_of_doom
D:13:     layout_roguey, david_vaults_5, serial_shops, nicolae_shop_crystal,
          uniq_jorgrun
D:14:     layout_basic, nicolae_dithmenos_shadow_blocks
D:15:     hangedman_depths_entry_civil_slaughter, layout_basic, serial_shops,
          shop, shop, nicolae_shop_statue_plus, st_stairs_9, minivault_16,
          drop_trap, uniq_nessos, uniq_agnes, uniq_roxanne
Temple:   dpeg_five_rooms_temple
Lair:1:   layout_big_grid, minmay_lair_oklob_chamber, infiniplex_staircase_pool
Lair:2:   layout_cave_shapes, elwin_shoals_entry_stream, serial_bayou_crossing,
          lemuel_fruit_fields, serial_bayou_shore_b, lemuel_fruit_fields,
          uniq_fannar
Lair:3:   layout_small_grid, spider_nest_entry_webs, portal_ice_cave_rime,
          tgw_fedhas
Spider:1: layout_spider_delve
Spider:2: layout_chambers, ebering_ghost_rock_garden
Spider:3: layout_spider_delve, drop_trap, hangedman_spider_tarantella_strand,
          uniq_nikola
Spider:4: johnstein_spider_rune_arachne_lair

Skill      XL: |  1  2  3  4  5  6  7  8  9 10 11 12 13 14 15 |
---------------+----------------------------------------------+-----
Fighting       | 3 4 5 6 7 8 9 |  9.9
Axes           | 3 4 5 6 7 9 10 12 13 14 15 | 15.4
Invocations    | 1 2 3 4 5 7 8 9 11 12 13 | 13.0
Armour         | 4 5 6 7 8 9 10 11 | 11.6
Shields        | 4 5 6 7 8 10 11 12 14 | 14.3
Evocations     | 4 6 8 9 |  9.9

Action                   |  1- 3 |  4- 6 |  7- 9 | 10-12 | 13-15 || total
-------------------------+-------+-------+-------+-------+-------++-------
Melee: War axe           |    64 |    54 |    18 |       |       ||   136
       Broad axe         |       |       |   394 |   914 |   909 ||  2217
Invok: Lesser Servant of |       |       |       |     7 |    13 ||    20
       Greater Servant o |       |       |       |       |     1 ||     1
 Abil: Heal Wounds       |     2 |     7 |    16 |    26 |    19 ||    70
Evoke: Wand              |       |       |       |     7 |     1 ||     8
  Use: Potion            |       |     1 |     5 |       |     1 ||     7
       Scroll            |       |       |     5 |    11 |    12 ||    28
 Stab: Paralysed         |       |       |       |     4 |     1 ||     5
       Distracted        |       |       |       |     5 |     3 ||     8
       Confused          |       |       |       |     1 |       ||     1
Armor: Scale mail        |    32 |    49 |    12 |       |       ||    93
       Plate armour      |       |       |   201 |   420 |   627 ||  1248
       Skin              |       |       |    14 |       |       ||    14
Dodge: Dodged            |    19 |    33 |    64 |    86 |   176 ||   378
Block: Kite shield       |    39 |    62 |   131 |       |       ||   232
       Tower shield      |       |       |   340 |  1078 |  1443 ||  2861
       Reflection        |       |       |     6 |    31 |    36 ||    73

Table legend: (Time is in decaauts)
 A = Elapsed time spent in this place.
 B = Non-inter-level travel time spent in this place.
 C = Inter-level travel time spent in this place.
 D = Time resting spent in this place.
 E = Time spent auto-exploring this place.
 F = Levels seen in this place.
 G = Mean time per level.
                   A        B        C        D        E       F      G
               +--------+--------+--------+--------+--------+-----+--------+
         Total |  13378 |  12674 |    704 |    347 |   7988 |  25 |  535.1 |
       Dungeon |   9657 |   9125 |    532 |    266 |   5755 |  15 |  643.8 |
        Temple |    143 |     87 |     56 |      0 |     80 |   1 |  143.0 |
          Lair |   2033 |   1943 |     90 |      0 |   1537 |   3 |  677.7 |
   Spider Nest |    948 |    922 |     26 |     81 |    350 |   4 |  237.0 |
      Ice Cave |     48 |     48 |      0 |      0 |     13 |   1 |   48.0 |
      Gauntlet |    547 |    547 |      0 |      0 |    253 |   1 |  547.0 |
               +--------+--------+--------+--------+--------+-----+--------+

Top non-repeatable levels by time:
     D:6: 1401 daAuts
     D:7: 1093 daAuts
  Lair:2: 905 daAuts
     D:9: 877 daAuts
    D:11: 861 daAuts
    D:10: 842 daAuts
  Lair:3: 828 daAuts
    D:13: 814 daAuts
    D:15: 799 daAuts
     D:8: 760 daAuts
    D:14: 687 daAuts
     D:5: 639 daAuts
Gauntlet: 547 daAuts
    D:12: 525 daAuts
Spider:4: 368 daAuts
